 Dungeon Sprint DCSS version 0.30.1-6-gbe392663c4 (webtiles) character file.

Game seed: 17774811704635689789

58657 Heoruswealwe the Minotaur Porcupine (level 14, -4/168 HPs)
             Began as a Minotaur Fighter on Sept 20, 2023.
             Was the Champion of the Shining One.
             Slain by an ironbound thunderhulk
             ... wielding a +0 dire flail
              (7 damage)
             ... in the Dungeon (Sprint IX: "|||||||||||||||||||||||||||||").
             The game lasted 00:45:47 (3363 turns).

Heoruswealwe the Minotaur Porcupine (MiFi)          Turns: 3363, Time: 00:45:47

Health: -4/168     AC: 29    Str: 27    XL:     14   Next: 50%
Magic:  13/13      EV:  9    Int:  5    God:    the Shining One [******]
Gold:   1338       SH:  0    Dex:  9    Spells: 13/13 levels left

rFire   + . .        b - +2 halberd (flame)
rCold   + + .        (shield currently unavailable)
rNeg    + + +        c - +0 shadow dragon scales
rPois   +            (helmet restricted)
rElec   +            h - +1 cloak
rCorr   +            f - +1 pair of gloves
SInv    .            (no boots)
Will    +....        (no amulet)
Stlth   +            k - ring of protection from cold
HPRegen 0.48/turn    j - ring of poison resistance
MPRegen 0.13/turn

%: no teleportation
@: mighty, resistant, marked, glowing
A: horns 2, retaliatory headbutt
a: Renounce Religion, Divine Shield, Cleansing Flame, Summon Divine Warrior,
Brand Weapon With Holy Wrath


You were in the Dungeon.
You worshipped the Shining One.
The Shining One was exalted by your worship.
You visited 1 branch You collected 1923 gold pieces.
You spent 585 gold pieces at shops.

Inventory:

Hand Weapons
 a - a +0 trident
 b - a +2 halberd of flaming (weapon)
 u - a +4 glaive
Armour
 c - +0 shadow dragon scales (worn)
 d - a +0 buckler
 f - a +1 pair of gloves (worn)
 h - a +1 cloak (worn)
Jewellery
 j - a ring of poison resistance (right hand)
 k - a ring of protection from cold (left hand)
Wands
 l - a wand of roots (10)
 s - a wand of digging (4)
Scrolls
 g - 2 scrolls of identify
 p - 6 scrolls of enchant armour
Potions
 i - a potion of berserk rage
 m - 2 potions of might
 n - 4 potions of resistance
 o - 5 potions of flight


   Skills:
 O Level 27 Fighting
 O Level 27 Polearms
 + Level 25.2 Armour
 + Level 16.8 Shields


You had 13 spell levels left.
You didn't know any spells.
Your spell library was empty.

Dungeon Overview and Level Annotations

Branches:
Dungeon (1/1)

Altars:
Cheibriados
Dithmenos
Elyvilon
Fedhas
Gozag
Hepliaklqana
Kikubaaqudgha
Makhleb
Nemelex Xobeh
Okawaru
Qazlal
Ru
Sif Muna
Trog
Uskayaw
Vehumet
Wu Jian
Xom
Yredelemnul
Zin
The Shining One
Jiyva
Lugonu

Shops:
D !(*(


Innate Abilities, Weirdness & Mutations

You have a pair of horns on your head.
You reflexively headbutt those who attack you in melee.


Message History

You slice the ironbound thunderhulk!! You burn the ironbound thunderhulk!
You headbutt the ironbound thunderhulk!
The ironbound thunderhulk is heavily wounded.
The ironbound thunderhulk hits you with a +0 dire flail!
* * * LOW HITPOINT WARNING * * *
The great orb of eyes bites you but does no damage.
You barely miss the ironbound thunderhulk.
The ironbound thunderhulk is heavily wounded.
You puncture the great orb of eyes! You burn the great orb of eyes.
The great orb of eyes is lightly wounded.
The great orb of eyes gazes at you. You resist with significant effort.
You puncture the great orb of eyes! You burn the great orb of eyes.
You headbutt the great orb of eyes!
The great orb of eyes is heavily wounded.
The runic seal fades away.
The ironbound thunderhulk hits you but does no damage.
The great orb of eyes bites you.
* * * LOW HITPOINT WARNING * * *
Okay, then.
You puncture the great orb of eyes! You burn the great orb of eyes.
You headbutt the great orb of eyes, but do no damage.
The great orb of eyes is severely wounded.
You hit the great orb of eyes. You burn the great orb of eyes.
The great orb of eyes is severely wounded.
The ironbound convoker points at the green very ugly thing and mumbles some strange words.
The green very ugly thing seems to grow stronger.
The ironbound thunderhulk hits you with a +0 dire flail!
* * * LOW HITPOINT WARNING * * *
The great orb of eyes gazes at you. You resist with significant effort.
You completely miss the great orb of eyes.
You headbutt the great orb of eyes!
The great orb of eyes is almost dead.
The great orb of eyes barely misses you.
The vault warden activates a sealing rune.
You impale the great orb of eyes!! You burn the great orb of eyes.
You kill the great orb of eyes!
The ironbound thunderhulk hits you with a +0 dire flail!
You die...

,,,,,,,,,,,+,,,,,,,,,,,,,+,,,,,,,
*********************************
,,,,,,,,,,,,,,,,,,,,,,,,,,,,,,,,,
*********************************
,,,,,,,,,,,,,,,,,,,,,,,,,,,,,,,,,
*********************************
,,,,,,,,,,,,,,,,,,,,,,,,,,,,,,,,,
▓▓▓▓▓▓▓▓▓▓▓▓▓▓▓▓▓▓▓▓▓▓▓▓*********
............+[)O@)Gpup..,,,,,,,,,
▓▓▓▓▓▓▓▓▓▓▓▓▓▓▓▓▓▓▓▓▓▓▓▓▓▓▓▓▓▓▓▓▓
.........................).....).
▓▓▓▓▓▓▓▓▓▓▓♣♣♣♣♣♣♣♣♣♣▓▓▓▓▓▓▓▓▓▓▓▓
.')......).).)÷......))........'.
▓▓▓▓▓▓▓▓▓▓▓♣♣♣♣♣♣♣♣♣♣▓▓▓▓▓▓▓▓▓▓▓▓
...........).†...†...............
▓▓▓▓▓▓▓▓▓▓▓▓▓▓▓▓▓▓▓▓▓▓▓▓▓▓▓▓▓▓▓▓▓
.[[[[[[[.......?)?†(().......(...


You could see a green very ugly thing (strong), a vault warden, an ironbound
thunderhulk, a great orb of eyes and an ironbound convoker.

Vanquished Creatures
  A tentacled monstrosity (D)
  A lich (D)
  Frances (D)
  A tengu reaver (D)
  A frost giant (D)
  A vault warden (D)
  5 ironbound preservers (D)
  3 stone giants (D)
  An ironbound thunderhulk (D)
  A spriggan defender (D)
  An ettin (D)
  3 fire dragons (D)
  A yaktaur captain (D)
  A great orb of eyes (D)
  An ice dragon (D)
  Harold (D)
  4 ogre magi (D)
  A rakshasa (D)
  A hydra (D)
  A ghost crab (D)
  2 centaur warriors (D)
  A two-headed ogre (D)
  A boulder beetle (D)
  A merfolk aquamancer (D)
  A tengu warrior (D)
  2 deep troll earth magi (D)
  2 shock serpents (D)
  2 naga sharpshooters (D)
  A skyshark (D)
  Nergalle (D)
  A sea snake (D)
  2 glowing orange brains (D)
  2 pharaoh ants (D)
  A spriggan druid (D)
  An ironbound convoker (D)
  An orb spider (D)
  2 flayed ghosts (D)
  4 deep trolls (D)
  A swamp dragon (D)
  2 orc knights (D)
  2 bog bodies (D)
  A necromancer (D)
  2 harpies (D)
  An orc sorcerer (D)
  2 ugly things (D)
  3 cyclopes (D)
  A salamander (shapeshifter) (D)
  3 manticores (D)
  2 vault sentinels (D)
  2 black mambas (D)
  A guardian serpent (D)
  A demonic crawler (D)
  A naga mage (D)
  5 cane toads (D)
  Psyche (D)
  3 komodo dragons (D)
  A yaktaur (D)
  8 trolls (D)
  A meliai (D)
  A merfolk (D)
  2 wind drakes (D)
  A bloated husk (D)
  2 blink frogs (D)
  2 tyrant leeches (D)
  A tarantella (D)
  A slime creature (D)
  A dream sheep (D)
  A snapping turtle (D)
  5 yaks (D)
  A wraith (D)
  Eustachio (D)
  A wyvern (D)
  Grum (D)
  3 redbacks (D)
  3 vampire mosquitoes (D)
  2 nagas (D)
  3 water moccasins (D)
  A floating eye (D)
  11 orc warriors (D)
  3 wolves (D)
  2 bullfrogs (D)
  A scorpion (D)
  A hound (D)
  2 orc priests (D)
  3 orc wizards (D)
  3 adders (D)
  A gnoll (D)
  8 orcs (D)
  An endoplasm (D)
  2 goblins (D)
  A rat (D)
175 creatures vanquished.

Vanquished Creatures (others)
  A fire giant (D)
  A goliath frog (D)
  2 spriggan druids (D)
4 creatures vanquished.

Grand Total: 179 creatures vanquished

Notes
Turn   | Place    | Note
-------+----------+-------------------------------------------
     0 | D        | Heoruswealwe the Minotaur Fighter began the quest for the
                  | Orb.
     0 | D        | Reached XP level 1. HP: 19/19 MP: 0/0
     7 | D        | Reached XP level 2. HP: 28/28 MP: 1/1
     9 | D        | Banished a spatial maelstrom
    27 | D        | Noticed a scorpion
    33 | D        | Reached skill level 5 in Polearms
    36 | D        | Killed a scorpion
    37 | D        | Reached XP level 3. HP: 34/37 MP: 2/2
    37 | D        | Reached XP level 4. HP: 40/44 MP: 3/3
   123 | D        | Found a snail-covered altar of Cheibriados.
   123 | D        | Found a shadowy altar of Dithmenos.
   123 | D        | Found a white marble altar of Elyvilon.
   123 | D        | Found a blossoming altar of Fedhas.
   123 | D        | Found an opulent altar of Gozag.
   124 | D        | Found a hazy altar of Hepliaklqana.
   125 | D        | Found a viscous altar of Jiyva.
   126 | D        | Found an ancient bone altar of Kikubaaqudgha.
   127 | D        | Found a corrupted altar of Lugonu.
   128 | D        | Found a burning altar of Makhleb.
   129 | D        | Found a sparkling altar of Nemelex Xobeh.
   130 | D        | Found an iron altar of Okawaru.
   131 | D        | Found a stormy altar of Qazlal.
   132 | D        | Found a sacrificial altar of Ru.
   133 | D        | Found a shimmering blue altar of Sif Muna.
   134 | D        | Found a bloodstained altar of Trog.
   135 | D        | Found a hide-covered altar of Uskayaw.
   136 | D        | Found a radiant altar of Vehumet.
   137 | D        | Found an ornate altar of the Wu Jian Council.
   138 | D        | Found a shimmering altar of Xom.
   139 | D        | Found a basalt altar of Yredelemnul.
   140 | D        | Found a glowing silver altar of Zin.
   141 | D        | Found a glowing golden altar of the Shining One.
   149 | D        | Became a worshipper of the Shining One
   196 | D        | Noticed an orc warrior
   196 | D        | Noticed a troll
   196 | D        | Noticed a wraith
   196 | D        | Reached * piety under the Shining One
   196 | D        | Noticed a yak
   196 | D        | Noticed a vampire mosquito
   196 | D        | Reached ** piety under the Shining One
   199 | D        | Killed an orc warrior
   200 | D        | Reached skill level 10 in Polearms
   200 | D        | Reached XP level 5. HP: 53/53 MP: 4/4
   201 | D        | Killed a troll
   202 | D        | Reached XP level 6. HP: 63/64 MP: 5/5
   207 | D        | Killed a wraith
   208 | D        | Reached skill level 10 in Fighting
   208 | D        | Reached skill level 10 in Armour
   208 | D        | Reached XP level 7. HP: 72/72 MP: 6/6
   211 | D        | Killed a yak
   214 | D        | Killed a vampire mosquito
   236 | D        | Noticed a troll
   236 | D        | Noticed a centaur warrior
   236 | D        | Noticed a two-headed ogre
   236 | D        | Reached *** piety under the Shining One
   236 | D        | Noticed a vampire mosquito
   236 | D        | Noticed a vampire mosquito
   236 | D        | Noticed a slime creature
   236 | D        | Reached **** piety under the Shining One
   241 | D        | Killed a troll
   242 | D        | Reached skill level 15 in Polearms
   242 | D        | Reached XP level 8. HP: 67/82 MP: 7/7
   247 | D        | Killed a centaur warrior
   253 | D        | Killed a two-headed ogre
   254 | D        | Reached XP level 9. HP: 40/93 MP: 8/8
   566 | D        | Noticed a komodo dragon
   566 | D        | Noticed a cane toad
   566 | D        | Reached ***** piety under the Shining One
   569 | D        | Killed a komodo dragon
   574 | D        | Noticed a black mamba
   578 | D        | Noticed a skyshark
   580 | D        | Killed a cane toad
   598 | D        | Killed a black mamba
   599 | D        | Reached XP level 10. HP: 60/104 MP: 9/9
   602 | D        | Killed a skyshark
   807 | D        | Reached skill level 15 in Fighting
   807 | D        | Reached skill level 15 in Armour
   814 | D        | Noticed a cane toad
   824 | D        | Killed a cane toad
   869 | D        | Noticed a cane toad
   869 | D        | Reached ****** piety under the Shining One
   869 | D        | Noticed a cane toad
   871 | D        | Noticed a cane toad
   876 | D        | Killed a cane toad
   877 | D        | Killed a cane toad
   882 | D        | Killed a cane toad
   888 | D        | Reached XP level 11. HP: 114/114 MP: 10/10
  1043 | D        | Noticed an orc knight
  1054 | D        | Killed an orc knight
  1128 | D        | Noticed an orc knight
  1134 | D        | Noticed an orc sorcerer
  1148 | D        | Killed an orc knight
  1159 | D        | Killed an orc sorcerer
  1248 | D        | Found Neutoona's Distillery.
  1248 | D        | Noticed a deep troll
  1248 | D        | Noticed an ogre mage
  1248 | D        | Noticed a deep troll
  1252 | D        | Killed a deep troll
  1253 | D        | Noticed a deep troll
  1257 | D        | Killed an ogre mage
  1263 | D        | Killed a deep troll
  1267 | D        | Killed a deep troll
  1272 | D        | Found Hommes's Weapon Shoppe.
  1276 | D        | Found Quqitauj's Assorted Antiques.
  1279 | D        | Found Qofutup's Weapon Shoppe.
  1279 | D        | Noticed a deep troll
  1295 | D        | Killed a deep troll
  1322 | D        | Noticed an ogre mage
  1323 | D        | Noticed an ogre mage
  1330 | D        | Killed an ogre mage
  1335 | D        | Killed an ogre mage
  1336 | D        | Reached XP level 12. HP: 97/128 MP: 11/11
  1372 | D        | Bought a scroll labelled LIMEJA UQUNEME for 17 gold pieces
  1378 | D        | Bought a scroll of identify for 34 gold pieces
  1378 | D        | Bought a scroll of identify for 34 gold pieces
  1382 | D        | Bought 2 potions of resistance for 200 gold pieces
  1382 | D        | Bought 2 potions of might for 80 gold pieces
  1382 | D        | Bought a potion of flight for 30 gold pieces
  1382 | D        | Bought a potion of curing for 30 gold pieces
  1382 | D        | Bought 2 potions of curing for 60 gold pieces
  1382 | D        | Bought 2 potions of flight for 60 gold pieces
  1382 | D        | Bought a potion of might for 40 gold pieces
  1429 | D        | Noticed Psyche
  1438 | D        | Killed Psyche
  1462 | D        | Noticed Eustachio
  1470 | D        | Killed Eustachio
  1602 | D        | Noticed a centaur warrior
  1602 | D        | Noticed an ogre mage
  1602 | D        | Noticed a seven-headed hydra
  1610 | D        | Killed a centaur warrior
  1614 | D        | Killed an ogre mage
  1617 | D        | Killed a four-headed hydra
  1624 | D        | Noticed a rakshasa
  1626 | D        | Noticed an ettin
  1631 | D        | Noticed an ice dragon
  1635 | D        | Noticed an ice dragon
  1643 | D        | Killed a rakshasa
  1648 | D        | Killed an ettin
  1654 | D        | Noticed a stone giant
  1655 | D        | Killed an ice dragon
  1656 | D        | Noticed a frost giant
  1665 | D        | Killed a stone giant
  1671 | D        | Killed a frost giant
  1686 | D        | Noticed a stone giant
  1695 | D        | Killed a stone giant
  1696 | D        | Reached skill level 27 in Polearms
  1961 | D        | Noticed Grum
  1967 | D        | Killed Grum
  1984 | D        | Noticed Frances
  1994 | D        | Killed Frances
  1995 | D        | Reached skill level 5 in Shields
  2102 | D        | Reached XP level 13. HP: 23/143 MP: 12/12
  2597 | D        | Reached skill level 10 in Shields
  2827 | D        | Noticed Nergalle
  2834 | D        | Killed Nergalle
  2836 | D        | Noticed Harold
  2847 | D        | Killed Harold
  2915 | D        | Noticed a fire dragon
  2915 | D        | Noticed a stone giant
  2915 | D        | Noticed a fire dragon
  2915 | D        | Noticed a tentacled monstrosity
  2924 | D        | Killed a fire dragon
  2924 | D        | Noticed a tengu reaver
  2931 | D        | Killed a stone giant
  2935 | D        | Killed a fire dragon
  2943 | D        | Killed a tentacled monstrosity
  2945 | D        | Noticed a lich
  2962 | D        | Killed a tengu reaver
  2962 | D        | Noticed a fire giant
  2964 | D        | Killed a lich
  2966 | D        | Noticed a fire dragon
  2979 | D        | Reached XP level 14. HP: 133/162 MP: 13/13
  2986 | D        | Killed a fire giant
  3008 | D        | Noticed a spriggan defender
  3016 | D        | Killed a spriggan defender
  3272 | D        | Noticed an ironbound preserver
  3272 | D        | Noticed an ironbound preserver
  3272 | D        | Noticed an ironbound preserver
  3272 | D        | Noticed an ironbound preserver
  3280 | D        | Killed an ironbound preserver
  3285 | D        | Noticed an ironbound thunderhulk
  3291 | D        | Killed an ironbound preserver
  3291 | D        | Killed an ironbound preserver
  3294 | D        | Killed an ironbound preserver
  3295 | D        | Reached skill level 27 in Fighting
  3299 | D        | Reached skill level 15 in Shields
  3303 | D        | Killed an ironbound thunderhulk
  3304 | D        | Noticed a vault warden
  3309 | D        | Noticed an ironbound preserver
  3321 | D        | Killed a vault warden
  3331 | D        | Killed an ironbound preserver
  3338 | D        | Noticed a vault warden
  3339 | D        | Noticed an ironbound thunderhulk
  3340 | D        | Noticed a green very ugly thing
  3343 | D        | The Shining One protects you from harm!
  3361 | D        | HP: 3/168 [ironbound thunderhulk/+0 dire flail (14)]
  3363 | D        | Slain by an ironbound thunderhulk

Illustrated notes

Levels and vault maps discovered:
D:        linesprint [early_d, line_temple, items_1, d_10, items_2, lair_1,
          lair_end, items_3, orc_1, orc_end, items_4, d_15, swamp_1, shoals_1,
          snake_1, spider_1, d_20, vaults_1, items_5, swamp_end, shoals_end,
          snake_end, spider_end, vaults_end, d_27, items_6, zot_1, zot_end,
          crypt_end, forest_end, elf_end, slime_end, tomb_end, abyss_end,
          pan_hell_end]

Skill      XL: |  1  2  3  4  5  6  7  8  9 10 11 12 13 14 |
---------------+-------------------------------------------+-----
Fighting       | 4 6 8 9 10 11 13 14 16 18 21 25 27 | 27.0
Polearms       | 4 7 10 12 13 15 17 19 21 24 27 | 27.0
Armour         | 4 6 7 9 10 11 13 14 16 18 20 23 25 | 25.2
Shields        | 6 13 16 | 16.8

Action                     |  1- 3 |  4- 6 |  7- 9 | 10-12 | 13-15 || total
---------------------------+-------+-------+-------+-------+-------++-------
  Melee: Trident           |    25 |    15 |       |       |       ||    40
         Headbutt          |     1 |     1 |    16 |    47 |    66 ||   131
         Halberd           |       |    11 |    63 |   261 |   241 ||   576
    Use: Potion            |       |       |     2 |     7 |    17 ||    26
         Scroll            |       |       |       |     7 |     1 ||     8
 Armour: Scale mail        |    11 |     6 |       |       |       ||    17
         Chain mail        |       |     4 |     5 |       |       ||     9
         Plate armour      |       |       |    21 |    44 |       ||    65
         Shadow dragon sca |       |       |       |    28 |    88 ||   116
  Dodge: Dodged            |     8 |    10 |    16 |    41 |    51 ||   126
  Block: Buckler           |     3 |     1 |       |       |       ||     4
